AoeStats
← chenya_ko

Arabia

509492405Analyzed
1v1 RM · 7d ago on Sep 27, 2026· 32m 10s· 2 players
Game mode
Random Map
Map size
Tiny (2 player)
Population
200
Speed
Normal
Resources
Standard
Victory
Conquest
Starting age
Dark Age
Ending age
Imperial Age
RankedLock teamsTeams togetherTeam positionsShared explorationLock speedFull tech treeHidden civsTurbo modeCheats
Victory
Defeat
🇲🇦 Franks · Morocco
1125
+15
🇹🇼 Japanese · Taiwan
1095
-15
chenya_ko
2:01 Loom
10:00 Feudal Age
10:08 Man-at-Arms
11:23 Double-Bit Axe
15:02 Forging
17:54 Wheelbarrow
17:56 Fletching
20:51 Scale Mail Armor
24:49 Castle Age
24:47 Gold Mining
24:43 Horse Collar
25:27 Stone Mining
25:07 Long Swordsman
25:33 Gambesons
26:40 Squires
27:19 Pikeman
29:35 Bow Saw
29:15 Arson
29:51 Heavy Plow
31:05 Town Watch
OZA
6:45 Loom
9:21 Feudal Age
9:49 Double-Bit Axe
17:10 Wheelbarrow
17:31 Scale Barding Armor
18:22 Fletching
21:45 Forging
24:29 Castle Age
24:54 Gold Mining
25:34 Chain Barding Armor
26:00 Bow Saw
27:21 Herbal Medicine
27:48 Husbandry
30:06 Gold Shaft Mining
30:47 Iron Casting
Connection lost

Rejoining the realm…

Still unreachable

The connection could not be restored.

Session expired

The server has moved on; the page needs a fresh start.